 Dungeon Sprint DCSS version 0.17-a0-1663-gb806841 (webtiles) character file.

2796 Kidiri the Unseen (level 9, -5/36 (39) HPs)
             Began as a Spriggan Enchanter on Aug 16, 2015.
             Was an Initiate of Dithmenos.
             Succumbed to a death drake's dark miasma
             ... in the Dungeon (Sprint II: "The Violet Keep of Menkaure").
             The game lasted 00:05:54 (720 turns).

Kidiri the Unseen (Spriggan Enchanter)               Turns: 720, Time: 00:05:55

HP:   -5/36 (39)    AC:  3    Str:  4    XL:     9   Next: 43%
MP:   22/25         EV: 33    Int: 22    God:    Dithmenos [......]
Gold: 334           SH:  0    Dex: 22    Spells: 5 memorised, 19 levels left

rFire  . . .     SeeInvis +     a - +1 dagger
rCold  . . .     Clarity  .     b - +1 robe
rNeg   . . .     SustAt   .     (shield restricted)
rPois  .         Gourm    .     (helmet restricted)
rElec  .         Spirit   .     (no cloak)
rCorr  .         Warding  .     (gloves unavailable)
rMut   .         NoTele   +     (boots unavailable)
MR     +....                    (no amulet)
Stlth  +++++++...               (no ring)
                                c - ring "Voonick" {Int+4 Dex+4 Slay+3 SInv}

@: lethally poisoned (-5 -> -100), non-regenerating, diseased, slowed, quick,
somewhat resistant to hostile enchantments, extremely stealthy
A: unfitting armour, see invisible, herbivore 3, speed 3, slow metabolism 2
a: Renounce Religion


You were in the Dungeon.
You worshipped Dithmenos.
Dithmenos was noncommittal.
You were not hungry.

You visited 1 branch You collected 1053 gold pieces.
You spent 719 gold pieces at shops.

Inventory:

Hand weapons
 a - a +1 dagger (weapon)
Armour
 b - a +1 robe (worn)
Jewellery
 c - the ring "Voonick" (left hand) {Int+4 Dex+4 Slay+3 SInv}
   (You bought it in a shop in the Dungeon)

   [ring of see invisible]

   It affects your intelligence (+4).
   It affects your dexterity (+4).
   It affects your accuracy and damage with ranged weapons and melee attacks
   (+3).
   It lets you see invisible.
Scrolls
 j - a scroll of blinking
Potions
 g - a potion of haste
 h - a potion of magic
 i - a potion of berserk rage
Comestibles
 d - a bread ration


   Skills:
 + Level 7.7 Short Blades
 * Level 13.8 Dodging
 * Level 15.1 Stealth
 * Level 11.9 Spellcasting
 + Level 4.7 Conjurations
 + Level 9.2 Hexes
 + Level 5.6 Ice Magic
 + Level 2.4 Invocations


You had 19 spell levels left.
You knew the following spells:

 Your Spells              Type           Power        Failure   Level  Hunger
a - Corona                Hex            ######.      1%          1    None
b - Ensorcelled Hibernat  Hex/Ice        #####.       1%          2    None
c - Confuse               Hex            ######..     1%          3    None
d - Tukima's Dance        Hex            ######..     1%          3    None
e - Dazzling Spray        Conj/Hex       #####...     1%          3    None


Dungeon Overview and Level Annotations

Branches:
Dungeon (1/1)

Altars:
Cheibriados
Dithmenos
Elyvilon
Fedhas
Gozag
Kikubaaqudgha
Makhleb
Nemelex Xobeh
Okawaru
Qazlal
Ru
Sif Muna
Trog
Vehumet
Xom
Yredelemnul
Zin
The Shining One
Beogh
Jiyva
Lugonu

Shops:
D ::[%*(=?%!!:[=}[

Annotations:
D exclusion: oklob plant, Roxanne


Innate Abilities, Weirdness & Mutations

You are tiny and cannot use many weapons and most armour.
You have supernaturally acute eyesight.
You are a herbivore.
You cover ground extremely quickly.
You need consume almost no food.


Message History

* * * LOW HITPOINT WARNING * * *
You feel very sick.
The death drake breathes miasma at the death drake.
The foul vapour engulfs the death drake.
The death drake completely resists.
Unknown command.
Drink which item? (? for menu, Esc to quit)
Okay, then.
Read which item? (? for menu, Esc to quit)
Okay, then.
You are too injured to fight recklessly!
Unknown command.
The death drake roars!
You hit the death drake.
The death drake is lightly wounded.
You are engulfed in dark miasma.
You are more poisoned.
You feel your flesh rotting away!
You feel ill.
* * * LOW HITPOINT WARNING * * *
You die...

§≈.≈≈§§## §§8≈§§≈≈# §§§§§§. §..
≈§§§§ ... ## ++#+++## ...#!##
.......# ..#.k# ##+##..# #.#.k#
#.#.##.#### +^##k# .###.#....#
#.§@#### #.#.####..##
##§§##.#▓)()?!$$ ##%###.##..#
+..#.%#▓?$$$%$%" ##.##..##..#
#.^#..#▓)[!?[$)!
'.<.'##.+..####..##)#▓(?)![(((
##.##..##....###...##▓▓▓▓▓▓▓+
##'###.##......≈≈≈≈≈≈≈≈≈≈≈≈≈.
#.######§§.§.§.≈#+########+###
.##..#≈≈≈§≈§§..≈#....._._#≈≈≈##


You could see 2 death drakes and a swamp drake.

Vanquished Creatures
  A crystal guardian (D)
  A yaktaur (D)
  3 polar bears (D)
  A blink frog (D)
  2 hippogriffs (D)
  Menkaure (D)
  A swamp drake (D)
  A wasp (D)
  4 brain worms (D)
  4 worker ants (D)
  3 worms (D)
22 creatures vanquished.

Notes
Turn   | Place    | Note
--------------------------------------------------------------
     0 | D        | Kidiri the Spriggan Enchanter began the quest for the Orb.
     0 | D        | Reached XP level 1. HP: 9/9 MP: 5/5
     1 | D        | Noticed a hippogriff
     1 | D        | Noticed a hippogriff
     7 | D        | Reached skill level 5 in Stealth
    19 | D        | Found Jaxzoi's Food Boutique.
    19 | D        | Found Wahinasa's Magic Scroll Shop.
    19 | D        | Found Uneamem's Distillery.
    19 | D        | Found Caecoalo's Jewellery Shop.
    19 | D        | Found Feesa's Jewellery Boutique.
    20 | D        | Found Dossang's Antique Armour Shop.
    20 | D        | Found Foula's Antique Armour Boutique.
    20 | D        | Found Xomoel's Book Shop.
    20 | D        | Found Gaizyca's Antique Weapon Boutique.
    20 | D        | Found Wamabur's General Store.
    20 | D        | Found Goevud's Food Boutique.
    22 | D        | Reached XP level 2. HP: 13/13 MP: 5/7
    32 | D        | Learned a level 2 spell: Ensorcelled Hibernation
    40 | D        | Noticed a brain worm
    43 | D        | Killed a brain worm
    43 | D        | Reached skill level 6 in Dodging
    43 | D        | Reached skill level 7 in Stealth
    43 | D        | Reached skill level 5 in Spellcasting
    43 | D        | Reached skill level 1 in Ice Magic
    43 | D        | Reached XP level 3. HP: 16/16 MP: 6/10
    43 | D        | Reached XP level 4. HP: 21/21 MP: 7/12
    48 | D        | Learned a level 3 spell: Confuse
    52 | D        | Learned a level 3 spell: Tukima's Dance
    56 | D        | Learned a level 3 spell: Dazzling Spray
    78 | D        | Noticed a brain worm
    80 | D        | Killed a brain worm
    80 | D        | Reached skill level 8 in Stealth
    80 | D        | Reached skill level 1 in Conjurations
    80 | D        | Reached skill level 5 in Hexes
    81 | D        | Noticed a brain worm
    81 | D        | Noticed a brain worm
    83 | D        | Killed a brain worm
    83 | D        | Reached skill level 9 in Stealth
    83 | D        | Reached XP level 5. HP: 24/24 MP: 13/15
    85 | D        | Killed a brain worm
    85 | D        | Reached XP level 6. HP: 26/28 MP: 12/17
    97 | D        | Noticed a worker ant
    97 | D        | Noticed a worker ant
    97 | D        | Noticed a worker ant
    97 | D        | Noticed a worker ant
   101 | D        | Killed a worker ant
   101 | D        | Reached skill level 10 in Stealth
   106 | D        | Killed a worker ant
   246 | D        | Killed a worker ant
   248 | D        | Killed a worker ant
   270 | D        | Killed a hippogriff
   270 | D        | Reached skill level 5 in Short Blades
   270 | D        | Reached skill level 10 in Dodging
   270 | D        | Reached skill level 11 in Stealth
   270 | D        | Reached XP level 7. HP: 32/32 MP: 13/20
   272 | D        | Killed a hippogriff
   313 | D        | Noticed Roxanne
   315 | D        | Noticed Menkaure
   317 | D        | Killed Menkaure
   317 | D        | Reached skill level 12 in Stealth
   334 | D        | Noticed a lava snake
   339 | D        | Found Sismyj's Gadget Boutique.
   341 | D        | Found Ukhlonei's Distillery.
   342 | D        | Noticed a blink frog
   344 | D        | Killed a blink frog
   350 | D        | Found Degill's Antique Armour Shop.
   350 | D        | Found Tiofobes's Book Boutique.
   353 | D        | Noticed a hippogriff
   353 | D        | Noticed a hippogriff
   353 | D        | Noticed a hippogriff
   353 | D        | Noticed an oklob plant
   354 | D        | Found Feolausk's Book Shoppe.
   356 | D        | Noticed a fire dragon
   362 | D        | Noticed a slime creature
   362 | D        | Noticed a slime creature
   376 | D        | Bought the ring "Voonick" {Int+4 Dex+4 Slay+3 SInv} for 719 gold pieces
   435 | D        | Found a white marble altar of Elyvilon.
   436 | D        | Found a radiant altar of Vehumet.
   436 | D        | Found a corrupted altar of Lugonu.
   436 | D        | Found a shimmering altar of Xom.
   437 | D        | Found a bloodstained altar of Trog.
   437 | D        | Found a viscous altar of Jiyva.
   437 | D        | Found an opulent altar of Gozag.
   438 | D        | Found a sparkling altar of Nemelex Xobeh.
   438 | D        | Found a stormy altar of Qazlal.
   438 | D        | Found a roughly hewn altar of Beogh.
   439 | D        | Found a basalt altar of Yredelemnul.
   439 | D        | Found a shadowy altar of Dithmenos.
   440 | D        | Found a snail-covered altar of Cheibriados.
   440 | D        | Found a deep blue altar of Sif Muna.
   440 | D        | Found a sacrificial altar of Ru.
   441 | D        | Noticed a yaktaur
   441 | D        | Noticed a wasp
   441 | D        | Noticed a polar bear
   442 | D        | Noticed a polar bear
   442 | D        | Noticed a polar bear
   457 | D        | Killed a polar bear
   457 | D        | Reached skill level 13 in Stealth
   457 | D        | Reached skill level 10 in Spellcasting
   457 | D        | Reached XP level 8. HP: 34/36 MP: 17/23
   470 | D        | Killed a polar bear
   473 | D        | Killed a wasp
   479 | D        | Killed a yaktaur
   479 | D        | Reached skill level 5 in Ice Magic
   490 | D        | Killed a polar bear
   490 | D        | Reached skill level 14 in Stealth
   681 | D        | Found an iron altar of Okawaru.
   683 | D        | Found an ancient bone altar of Kikubaaqudgha.
   683 | D        | Found a blossoming altar of Fedhas.
   683 | D        | Found a glowing silver altar of Zin.
   684 | D        | Found a burning altar of Makhleb.
   684 | D        | Found a glowing golden altar of the Shining One.
   689 | D        | Noticed a crocodile
   694 | D        | Became a worshipper of Dithmenos the Shadowed
   708 | D        | Noticed a death drake
   708 | D        | Noticed a swamp drake
   713 | D        | Noticed a death drake
   713 | D        | Noticed a crystal guardian
   713 | D        | Noticed a swamp drake
   714 | D        | Killed a swamp drake
   714 | D        | Reached XP level 9. HP: 39/39 MP: 25/25
   716 | D        | Killed a crystal guardian
   716 | D        | Reached skill level 15 in Stealth
   720 | D        | Succumbed to a death drake's dark miasma

Vault maps used:
D:        the_violet_keep_of_menkaure

Action                   |  1- 3 |  4- 6 |  7- 9 || total
-------------------------+-------+-------+-------++-------
Melee: Dagger            |     4 |     8 |    38 ||    50
 Cast: Ensorcelled Hiber |       |     9 |     2 ||    11
       Dazzling Spray    |       |       |     7 ||     7
       Confuse           |       |       |     3 ||     3
  Use: Potion            |       |     1 |     2 ||     3
 Stab: Sleeping          |     4 |     8 |     7 ||    19
       Invisible         |       |       |     1 ||     1
       Confused          |       |       |     3 ||     3
